cohdb
Replays
Latest Replays
All Replays
Popular Replays
Top Player Replays
Match Explorer
How It Works
Community
CoH3 Stats
Reddit
Sign in to upload your games and track your stats! →
Sign in with Steam
Match 45522042
Unlisted
Match 45522042
Overview
Messages
Build Orders
End
Construct Barracks
Scout Squad
Riflemen Squad
Riflemen Squad
Riflemen Squad
Grenade Package
Mechanized Support Center
Construct Medical Station
M1918 Browning Automatic Rifles
Construct Motor Pool
M24 Chaffee Light Tank
M24 Chaffee Light Tank
Engineer Squad
Riflemen Squad
M24 Chaffee Light Tank
Improvised Armor
Selects Heavy Weapons
Selects Assault Carriers
Selects Exchangeable Parts
Riflemen Squad
Construct Tank Depot
M4(105) Sherman Bulldozer
M4A1 Sherman Medium Tank
M4A1 76mm Conversion
Salvage Crew
Rapid Repairs
Selects M26 Pershing Heavy Tank
Engineer Squad
Selects M2HB .50cal Heavy Machine Gun
Selects Gallant Stand
Selects Black Dragon Artillery Barrage
Sad Pepe
Krotesc
0
0
Comments
sign in to comment!
No comments posted yet!